 Dungeon Crawl Stone Soup version 0.20.1-1-g8b1a95d (webtiles) character file.

88 OneorTwo the Digger (level 4, -6/24 HPs)
             Began as a Gargoyle Earth Elementalist on July 29, 2017.
             Splashed by Ijyb's acid (9 damage)
             ... on level 4 of the Dungeon on July 30, 2017.
             The game lasted 00:12:36 (2716 turns).

OneorTwo the Digger (Gargoyle Earth Elementalist)   Turns: 2716, Time: 00:12:39

Health: -6/24      AC:  6    Str: 11    XL:     4   Next: 53%
Magic:  4/8        EV: 14    Int: 17    God:
Gold:   84         SH:  0    Dex: 10    Spells: 4/8 levels left

rFire    + . .     SeeInvis .   i - +1 whip
rCold    . . .     Gourm    +   (no shield)
rNeg     + . .     Faith    .   c - +0 robe
rPois    ∞         Spirit   .   (no helmet)
rElec    +         Reflect  .   (no cloak)
rCorr    .         Harm     .   (no gloves)
MR       .....                  j - +0 pair of boots
Stlth    ++........             y - amulet of the gourmand
Regen    0.1/turn               (no ring)
MPRegen  0.2/turn               (no ring)

@: no status effects
A: talons 1, repulsion field 1, fire resistance 1, negative energy resistance 1,
electricity resistance, unbreathing, petrification resistance, rot immunity, AC
+3
a: no special abilities


You were on level 4 of the Dungeon.
You were not hungry.

You visited 1 branch of the dungeon, and saw 4 of its levels.

You collected 84 gold pieces.

Inventory:

Hand Weapons
 i - a +1 whip (weapon)
Missiles
 b - 99 stones (quivered)
 f - 2 throwing nets
 q - 23 poisoned needles
Armour
 c - a +0 robe (worn)
 j - a +0 pair of boots (worn)
 l - a +0 plate armour
Jewellery
 y - an amulet of the gourmand (around neck)
Wands
 h - a wand of confusion (37/48)
Scrolls
 a - a scroll of enchant armour {unknown}
 g - a scroll of remove curse
 n - 3 scrolls of identify
 o - a scroll of amnesia
Potions
 k - a potion of agility {unknown}
 v - 5 potions of curing {unknown}
 w - a potion of lignification {unknown}
Books
 e - a book of Geomancy

   Spells                             Type                      Level
   a - Sandblast                      Earth                        1
   b - Passwall                       Transmutation/Earth          2
   c - Stone Arrow                    Conjuration/Earth            3
   d - Petrify                        Transmutation/Earth          4
   e - Lee's Rapid Deconstruction     Earth                        5
Comestibles
 d - 3 bread rations
 m - a meat ration
 p - a royal jelly


   Skills:
 - Level 1.5 Dodging
 - Level 2.2 Stealth
 + Level 2.9 Spellcasting
 + Level 1.4 Conjurations
   Level 0.7 Transmutations
 + Level 5.0 Earth Magic


You had 4 spell levels left.
You knew the following spells:

 Your Spells              Type           Power        Failure   Level  Hunger
a - Sandblast             Erth           ###...       2%          1    #......
b - Stone Arrow           Conj/Erth      ##....       14%         3    ###....


Dungeon Overview and Level Annotations

Branches:
Dungeon (4/15)
 Temple: D:4-7

Altars:
Ashenzari
Cheibriados
Sif Muna
Trog

Annotations:
D:4 Ijyb


Innate Abilities, Weirdness & Mutations

You are resistant to torment.
Your stone body is resilient. (AC +3)
You are immune to poison.
You resist negative energy. (rN+)
You are resistant to electric shocks. (rElec)
You can survive without breathing.
You are immune to petrification.
You are immune to rotting.
You have sharp toenails.
You are surrounded by a mild repulsion field. (EV +2)
Your flesh is heat resistant. (rF+)


Message History

Ijyb is heavily wounded.
Casting: Stone Arrow
Confirm with . or Enter, or press ? or * to list all spells.
Aiming: Stone Arrow
Press: ? - help, Shift-Dir - straight line, f/p - Ijyb
Aim: Ijyb, wielding a dagger and wearing a runed leather armour (heavily wounded)
Okay, then.
Casting: Stone Arrow
Confirm with . or Enter, or press ? or * to list all spells.
Aiming: Sandblast
Press: ? - help, Shift-Dir - straight line, f/p - Ijyb
Aim: Ijyb, wielding a dagger and wearing a runed leather armour (heavily wounded)
The blast of sand hits Ijyb.
Ijyb is heavily wounded.
b - 99 stones Ijyb zaps a wand.
The bolt of acid hits you!
Ouch! That really hurt!
* * * LOW HITPOINT WARNING * * *
You are splashed with acid!
The acid burns!
You die...

#####
#...########
#.!.........
#.<.@..g....
##>.........
##...##.(.#
##### ###


You could see Ijyb.

Vanquished Creatures
  4 adders
  A dart slug (D:2)
  2 leopard geckos
  2 orcs (D:3)
  5 bats
  5 goblins (D:1)
  5 hobgoblins
  2 jackals (D:2)
  4 kobolds
  A quokka (D:2)
  3 ball pythons
  2 frilled lizards (D:3)
  10 rats
46 creatures vanquished.

Notes
Turn   | Place    | Note
-------+----------+-------------------------------------------
     0 | D:1      | OneorTwo the Gargoyle Earth Elementalist began the quest for the Orb.
     0 | D:1      | Reached XP level 1. HP: 10/10 MP: 3/3
   213 | D:1      | Reached skill level 4 in Earth Magic
   242 | D:1      | Reached XP level 2. HP: 15/15 MP: 3/5
   863 | D:2      | Found a shattered altar of Ashenzari.
   893 | D:2      | Reached XP level 3. HP: 13/19 MP: 4/6
   898 | D:2      | Learned a level 3 spell: Stone Arrow
  1559 | D:2      | Found a snail-covered altar of Cheibriados.
  1590 | D:2      | Reached skill level 1 in Conjurations
  1590 | D:2      | Reached XP level 4. HP: 24/24 MP: 0/8
  1865 | D:2      | Reached skill level 5 in Earth Magic
  2047 | D:3      | Gained mutation: You have sharp toenails. [potion of mutation]
  2047 | D:3      | Gained mutation: Your natural rate of healing is unusually fast. [potion of mutation]
  2242 | D:3      | Found a bloodstained altar of Trog.
  2630 | D:3      | Found a deep blue altar of Sif Muna.
  2684 | D:3      | Lost mutation: You have sharp toenails. [potion of mutation]
  2684 | D:3      | Lost mutation: Your natural rate of healing is unusually fast. [potion of mutation]
  2684 | D:3      | Gained mutation: Your flesh is heat resistant. (rF+) [potion of mutation]
  2684 | D:3      | Gained mutation: You are surrounded by a mild repulsion field. (EV +2) [potion of mutation]
  2684 | D:3      | Gained mutation: You have sharp toenails. [potion of mutation]
  2713 | D:4      | Noticed Ijyb
  2716 | D:4      | Splashed by Ijyb's acid

Skill      XL: |  1  2  3  4 |
---------------+-------------+-----
Earth Magic    | 4 5 |  5.0
Conjurations   | 1 |  1.4
Dodging        | |  1.5
Stealth        | |  2.2
Spellcasting   | |  2.9
Transmutations | |  0.7

Action                   |  1- 3 |  4- 6 || total
-------------------------+-------+-------++-------
Melee: Unarmed           |    15 |       ||    15
       Whip              |    21 |    10 ||    31
 Cast: Sandblast         |    34 |    11 ||    45
       Stone Arrow       |     5 |     6 ||    11
  Use: Scroll            |       |     8 ||     8
       Potion            |       |     2 ||     2
 Stab: Sleeping          |       |     1 ||     1
  Eat: Chunk             |     3 |     7 ||    10
Armor: Robe              |    14 |     2 ||    16
Dodge: Dodged            |    43 |     9 ||    52
